cohdb
Replays
Latest Replays
All Replays
Popular Replays
Top Player Replays
Match Explorer
How It Works
Community
CoH3 Stats
Reddit
Sign in to upload your games and track your stats! →
Sign in with Steam
Match 42704764
Unlisted
Match 42704764
Overview
Messages
Build Orders
End
Construct Infanterie Kompanie
Selects Breakthrough Battlegroup
Selects Assault Grenadiers
Grenadier Squad
Grenadier Squad
MG 42 Machine Gun Team
GrW 34 Mortar Team
Infanterie Officer Quarters
Grenadier Squad
Medical Bunker
Construct Panzergrenadier Kompanie
Pak 40 Anti-tank Gun Team
Selects Rapid Production
Selects Breakthrough
Breakthrough
Support Elements
Panzergrenadier Squad
Selects Incendiary Bombing Run
Nebelwerfer 42 Rocket Launcher Team
Breakthrough
Construct Panzer Kompanie
Sturmpanzer IV Brummbär
Selects Blitzkrieg
insane
iceman
szlachcic
Rubaka
0
0
Comments
sign in to comment!
No comments posted yet!